 Dungeon Crawl Stone Soup version 0.24.0-13-gcf9b319 (webtiles) character file.

Game seed: 14419133739827108802, levelgen mode: deterministic

38907 Fang the Blocker (level 14, -6/94 HPs)
             Began as a Gargoyle Fighter on Jan 3, 2020.
             Was a High Priest of Trog.
             Killed from afar by a manticore (21 damage)
             ... with a volley of spikes
             ... on level 6 of the Lair of Beasts.
             The game lasted 00:22:01 (16999 turns).

Fang the Blocker (Gargoyle Fighter)                Turns: 16999, Time: 00:22:02

Health: -6/94      AC: 32    Str: 23    XL:     14   Next: 4%
Magic:  14/14      EV:  7    Int: 13    God:    Trog [*****.]
Gold:   1107       SH: 14    Dex: 15    Spells: 13/13 levels left

rFire    . . .     SeeInvis +   u - +2 hand axe (flame)
rCold    + . .     Gourm    +   B - +0 shield
rNeg     + . .     Faith    .   b - +3 plate armour
rPois    ∞         Spirit   .   (no helmet)
rElec    +         Reflect  .   H - scarf {repulsion}
rCorr    +         Harm     .   k - +2 pair of gloves "Poir" {MR+ Int+4 Dex+4 SInv}
MR       ++++.                  (no boots)
Stlth    ..........             y - amulet of the gourmand
HPRegen  1.25/turn              o - ring of protection from cold
MPRegen  0.14/turn              v - ring of resist corrosion

@: barbed spikes, berserk cooldown, regenerating, repel missiles
A: big wings, thin skeletal structure 1, dopey 1, negative energy resistance 1,
electricity resistance, unbreathing, petrification resistance, rot immunity, AC
+10
a: Fly, Berserk, Trog's Hand, Brothers in Arms, Renounce Religion


You were on level 6 of the Lair of Beasts.
You worshipped Trog.
Trog was extremely pleased with you.
You were very full.

You visited 4 branches of the dungeon, and saw 20 of its levels.

You collected 1316 gold pieces.
You spent 209 gold pieces at shops.

Inventory:

Hand Weapons
 a - a +2 war axe
 u - a +2 hand axe of flaming (weapon)
Armour
 b - a +3 plate armour (worn)
 k - the +2 pair of gloves "Poir" (worn) {MR+ Int+4 Dex+4 SInv}
   (You bought it in a shop on level 7 of the Dungeon)

   It affects your intelligence (+4).
   It affects your dexterity (+4).
   It affects your resistance to hostile enchantments.
   It lets you see invisible.
 B - a +0 shield (worn)
 H - a scarf of repulsion (worn)
Jewellery
 m - an uncursed ring of protection from magic
 o - a ring of protection from cold (left hand)
 v - a ring of resist corrosion (right hand)
 x - a +2 ring of strength
 y - an amulet of the gourmand (around neck)
 N - an uncursed ring of protection from fire {unknown}
Wands
 g - a wand of flame (17)
 p - a wand of iceblast (13)
 r - a wand of polymorph (9)
 t - a wand of random effects (67)
 E - a wand of disintegration (6)
 F - a wand of scattershot (3)
 J - a wand of enslavement (27)
 M - a wand of paralysis (12)
Scrolls
 f - 3 scrolls of fog
 i - 3 scrolls of blinking
 l - 3 scrolls of remove curse
 n - a scroll of silence
 w - 3 scrolls of teleportation
 A - a scroll of enchant weapon
 D - 2 scrolls of identify
 G - 2 scrolls of fear
 K - 2 scrolls of magic mapping
Potions
 d - 3 potions of might
 e - 4 potions of curing
 h - 6 potions of flight
 j - 5 potions of berserk rage {unknown}
 q - 3 potions of heal wounds {unknown}
 s - 3 potions of agility {unknown}
 z - 5 potions of haste
 C - a potion of cancellation
 I - 2 potions of resistance
 L - a potion of mutation
Comestibles
 c - 23 rations


   Skills:
 + Level 13.5 Fighting
 + Level 11.5 Axes
 + Level 12.8 Armour
 + Level 13.6 Shields


You had 13 spell levels left.
You didn't know any spells.
Your spell library was empty.

Dungeon Overview and Level Annotations

Branches:
Dungeon (12/15)            Temple (1/1) D:5            Lair (6/6) D:10
  Swamp (0/4) Lair:2       Spider (0/4) Lair:3        Slime (1/5) Lair:5
    Orc (0/2) D:12

Altars:
Ashenzari
Cheibriados
Dithmenos
Elyvilon
Fedhas
Gozag
Hepliaklqana
Kikubaaqudgha
Makhleb
Nemelex Xobeh
Okawaru
Qazlal
Ru
Sif Muna
Trog
Uskayaw
Vehumet
Wu Jian
Xom
Yredelemnul
Zin
The Shining One

Shops:
D:7 *

Annotations:
Lair:3 exclusion: oklob plant


Innate Abilities, Weirdness & Mutations

You are resistant to torment.
Your stone body is resilient. (AC +10)
You are immune to poison.
Your large and strong wings let you fly indefinitely.
You resist negative energy. (rN+)
You are resistant to electric shocks. (rElec)
You can survive without breathing.
You are immune to petrification.
You are immune to rotting.
You have a somewhat thin skeletal structure. (Dex +2, Stealth)
You are dopey. (Int -2)


Message History

* * * LOW HITPOINT WARNING * * *
You block the manticore's attack.
The manticore claws you but does no damage. x2
You slash the wind drake! You burn the wind drake.
The wind drake is heavily wounded.
Your plate armour prevents you from hitting the manticore.
The wind drake barely misses you.
The manticore bites you but does no damage.
The manticore claws you but does no damage. x2
The wind drake bites you but does no damage.
You feel yourself speed up. The wind drake flaps its wings at you.
The air twists around and strikes you!
* * * LOW HITPOINT WARNING * * *
The wind drake flaps its wings at you. The air twists around and strikes you.
The manticore flicks its tail.
The volley of spikes hits you!!
The barbed spikes become lodged in your body.
You die...

##.##.##≈# #......#≈#≈≈ ..
#.....≈≈≈≈≈≈ ..# P...P≈≈≈.≈
#..# ##.#≈≈.#≈#
####...#######†.#..#.≈#≈≈
##.P.....##.P.......P≈≈≈≈8
............PP.....?≈≈≈≈≈≈8
................@##..≈##≈.≈≈
...%...........##.#)†≈##≈# ≈
.............#P###Hk.≈≈≈≈#≈≈
.............####.....≈≈≈≈≈≈
............#.#.......##≈#≈≈
.............##.......# ≈#
..............#......≈≈P≈≈
......†......###......≈≈P≈≈
.............##........#≈≈#


You could see a wind drake and a manticore.

Vanquished Creatures
  5 hydras
  A two-headed ogre (D:8)
  A swamp dragon (Lair:2)
  2 ugly things
  A shining eye (Lair:5)
  A manticore (D:9)
  Maurice (D:11)
  6 elephants (Lair:2)
  5 black mambas
  Joseph (D:7)
  9 spiny frogs
  A centaur skeleton (D:10)
  10 komodo dragons
  4 rime drakes
  A polar bear (Lair:6)
  2 trolls
  2 hornets (Lair:6)
  4 hippogriffs
  9 blink frogs
  5 dream sheep
  A spriggan (D:7)
  3 wyverns
  25 yaks
  2 basilisks
  7 vampire mosquitoes
  A hungry ghost (D:4)
  A steam dragon (D:10)
  2 acid dragons
  12 water moccasins
  6 porcupines
  A hornet zombie (D:9)
  6 orc warriors
  A black bear (D:9)
  13 ice beasts
  3 sky beasts
  4 phantoms
  4 wolves (Lair:6)
  5 centaurs
  8 ogres
  15 crocodiles
  3 big kobolds (D:9)
  10 bullfrogs
  2 wyvern skeletons
  3 scorpions
  8 killer bees
  8 wights
  3 howler monkeys (D:12)
  An electric eel (Lair:3)
  A centaur zombie (D:10)
  3 crimson imps
  A quasit (D:7)
  3 jellies
  5 hounds
  3 bullfrog skeletons
  5 orc priests
  13 orc wizards
  3 iguanas
  Ijyb (D:3)
  8 worker ants
  A hound skeleton (D:11)
  A worker ant zombie (D:8)
  10 adders
  8 gnolls
  A howler monkey skeleton (D:4)
  4 shadow imps
  An ooze (D:3)
  An adder zombie (D:7)
  2 adder skeletons (D:4)
  3 worms
  3 dart slugs (D:1)
  4 leopard geckos
  46 orcs
  2 ball pythons
  7 giant cockroaches
  8 hobgoblins
  12 jackals
  5 quokkas
  9 bats
  5 frilled lizards
  10 goblins
  A jackal skeleton (D:5)
  23 kobolds
  12 rats
  6 fungi
  A plant (Lair:2)
461 creatures vanquished.

Vanquished Creatures (collateral kills)
  Nessos (D:12)
  2 hydras
  A killer bee (D:12)
  A fungus (Lair:1)
5 creatures vanquished.

Vanquished Creatures (others)
  10 fungi
  2 plants
12 creatures vanquished.

Grand Total: 478 creatures vanquished

Notes
Turn   | Place    | Note
-------+----------+-------------------------------------------
     0 | D:1      | Fang the Gargoyle Fighter began the quest for the Orb.
     0 | D:1      | Reached XP level 1. HP: 14/14 MP: 1/1
   200 | D:1      | Reached XP level 2. HP: 19/19 MP: 2/2
   560 | D:1      | Reached XP level 3. HP: 23/23 MP: 3/3
  1424 | D:2      | Found an iron altar of Okawaru.
  1531 | D:2      | Reached XP level 4. HP: 20/29 MP: 4/4
  2301 | D:2      | Found a hide-covered altar of Uskayaw.
  2306 | D:2      | Found an opulent altar of Gozag.
  2314 | D:2      | Found a glowing silver altar of Zin.
  2431 | D:3      | Noticed Ijyb
  2448 | D:3      | Killed Ijyb
  2448 | D:3      | Reached XP level 5. HP: 23/33 MP: 5/5
  2908 | D:3      | Reached XP level 6. HP: 36/39 MP: 6/6
  3675 | D:4      | Reached skill level 5 in Fighting
  3675 | D:4      | Reached skill level 5 in Armour
  3675 | D:4      | Reached skill level 5 in Shields
  3695 | D:4      | Reached XP level 7. HP: 43/44 MP: 7/7
  3837 | D:4      | Found a sacrificial altar of Ru.
  3892 | D:4      | Reached XP level 8. HP: 45/56 MP: 8/8
  4352 | D:4      | Found a shattered altar of Ashenzari.
  4542 | D:5      | Entered Level 5 of the Dungeon
  4669 | D:5      | Found a staircase to the Ecumenical Temple.
  4699 | Temple   | Entered the Ecumenical Temple
  4876 | Temple   | Became a worshipper of Trog the Wrathful
  5209 | D:5      | Reached XP level 9. HP: 52/60 MP: 9/9
  5630 | D:6      | Found a white marble altar of Elyvilon.
  6427 | D:7      | Found a basalt altar of Yredelemnul.
  6444 | D:7      | Noticed Joseph
  6464 | D:7      | Killed Joseph
  6694 | D:7      | Reached * piety under Trog
  6698 | D:7      | You fall into a shaft and drop 1 floor!
  6741 | D:8      | Found a snail-covered altar of Cheibriados.
  6839 | D:8      | Reached XP level 10. HP: 30/68 MP: 10/10
  6871 | D:8      | Reached skill level 10 in Shields
  7098 | D:8      | Noticed a two-headed ogre
  7107 | D:8      | Killed a two-headed ogre
  7107 | D:8      | Reached skill level 10 in Fighting
  7755 | D:7      | Found Xaidoo's Assorted Antiques.
  7763 | D:7      | Bought a pair of faintly humming gloves for 209 gold pieces
  7768 | D:7      | Identified the +2 pair of gloves "Poir" {MR+ Int+4 Dex+4
                  | SInv} (You bought it in a shop on level 7 of the Dungeon)
  7919 | D:9      | Found a shadowy altar of Dithmenos.
  7926 | D:9      | Found a sparkling altar of Nemelex Xobeh.
  7987 | D:9      | Reached ** piety under Trog
  8205 | D:9      | Noticed a manticore
  8230 | D:9      | Killed a manticore
  8377 | D:9      | Found a sparkling altar of Nemelex Xobeh.
  8723 | D:10     | Entered Level 10 of the Dungeon
  8814 | D:10     | Noticed a red ugly thing
  8816 | D:10     | Reached *** piety under Trog
  8816 | D:10     | Reached XP level 11. HP: 53/73 MP: 11/11
  8981 | D:10     | Killed a red ugly thing
  9161 | D:10     | Found a blossoming altar of Fedhas.
  9504 | D:10     | Found a staircase to the Lair.
  9785 | D:11     | Reached **** piety under Trog
  9797 | D:11     | Noticed a five-headed hydra
  9809 | D:11     | Killed a one-headed hydra
  9809 | D:11     | Reached skill level 10 in Armour
  9866 | D:11     | Noticed Maurice
  9884 | D:11     | Killed Maurice
 10115 | D:11     | Noticed a red ugly thing
 10130 | D:11     | Killed a red ugly thing
 10669 | D:12     | Found a frozen archway.
 11029 | D:12     | Reached XP level 12. HP: 77/80 MP: 12/12
 11139 | D:12     | Found a glowing golden altar of the Shining One.
 11178 | D:12     | Found a staircase to the Orcish Mines.
 11240 | D:12     | Noticed Nessos
 11265 | D:12     | Killed Nessos
 11989 | Lair:1   | Entered Level 1 of the Lair of Beasts
 12119 | Lair:1   | Noticed a six-headed hydra
 12124 | Lair:1   | Killed a six-headed hydra
 12317 | Lair:1   | Reached skill level 10 in Axes
 12944 | Lair:2   | Found a staircase to the Swamp.
 13534 | Lair:3   | Noticed a four-headed hydra
 13551 | Lair:3   | Killed a nine-headed hydra
 13734 | Lair:3   | Found a hole to the Spider Nest.
 13789 | Lair:3   | Reached XP level 13. HP: 87/87 MP: 13/13
 14326 | Lair:3   | Reached ***** piety under Trog
 15625 | Lair:5   | Found a staircase to the Slime Pits.
 15793 | Lair:5   | Found a sacrificial altar of Ru.
 16597 | Slime:1  | Entered Level 1 of the Pits of Slime
 16604 | Lair:5   | Gained mutation: You have a somewhat thin skeletal
                  | structure. (Dex +2, Stealth) [a shining eye]
 16606 | Lair:5   | Gained mutation: You are dopey. (Int -2) [a shining eye]
 16634 | Lair:6   | Entered Level 6 of the Lair of Beasts
 16962 | Lair:6   | Received a gift from Trog
 16962 | Lair:6   | Gained mutation: Your large and strong wings let you fly
                  | indefinitely. [Gargoyle growth]
 16962 | Lair:6   | Reached XP level 14. HP: 45/94 MP: 14/14
 16999 | Lair:6   | Killed from afar by a manticore

Levels and vault maps discovered:
D:1:      dpeg_cavernosity, layout_basic, patterned_corridor
D:2:      layout_loops_corners, minmay_overflow_temple_star_quad,
          nicolae_overflow_crystal_walls
D:3:      layout_basic, first_ration, due_unseen_surprise, uniq_ijyb
D:4:      minmay_clustersquares, layout_layer_cave, old_standard_altar,
          lemuel_crystal_altar, grunt_ministairs_2,
          corexii_item_surrounded_by_moat
D:5:      layout_basic, minmay_temple_entry_overgrown
D:6:      layout_basic, basic_altar
D:7:      layout_gridville, yredelemnul_altar_generic, serial_shops, shop_coins,
          the_bakery, uniq_joseph
D:8:      layout_rooms, basic_altar
D:9:      layout_rooms, amethyst_overflow_temple_binary, basic_altar
D:10:     layout_cave_pools, erik_lair_dragon, fedhas_altar_4
D:11:     layout_loops_cross, uniq_maurice
D:12:     layout_irregular_city, orc_0_dummy, portal_ice_cave_entry_ice_beasts,
          tso_metal_star, uniq_nessos
Temple:   nicolae_temple_figure_eight
Lair:1:   layout_regular_city
Lair:2:   layout_loops_ring, minmay_swamp_entry_reptiles
Lair:3:   layout_loops_ring, spider_nest_entry_web_field, nzn_random_ring,
          serial_bayou_shore_b, infiniplex_staircase_pool
Lair:4:   layout_long_grid
Lair:5:   layout_loops_ring, slime_dummy, basic_altar, grunt_megastairs_1
Lair:6:   gammafunk_lair_ancient_temple, layout_cave_pods, serial_bayou_shore_b
Slime:1:  layout_caves

Skill      XL: |  1  2  3  4  5  6  7  8  9 10 11 12 13 |
---------------+----------------------------------------+-----
Axes           | 2 3 7 8 9 10 11 | 11.5
Fighting       | 4 5 9 10 11 12 13 | 13.5
Armour         | 4 5 7 8 9 10 11 12 | 12.8
Shields        | 4 5 9 10 11 12 13 | 13.6

Action                   |  1- 3 |  4- 6 |  7- 9 | 10-12 | 13-15 || total
-------------------------+-------+-------+-------+-------+-------++-------
Melee: War axe           |   180 |   251 |   291 |   814 |   386 ||  1922
       Hand axe          |       |       |       |    11 |    50 ||    61
Invok: Berserk           |       |       |     1 |     8 |     2 ||    11
       Trog's Hand       |       |       |       |     3 |     2 ||     5
       Brothers in Arms  |       |       |       |     3 |       ||     3
  Use: Scroll            |       |     7 |     7 |    15 |     1 ||    30
       Potion            |       |       |     1 |       |     1 ||     2
  Eat: Chunk             |     2 |     8 |    11 |    50 |    11 ||    82
       Ration            |       |       |     1 |       |       ||     1
Armor: Scale mail        |    88 |    11 |       |       |       ||    99
       Plate armour      |       |   252 |   198 |   694 |   294 ||  1438
       Chain mail        |       |     3 |       |       |       ||     3
Dodge: Dodged            |    58 |    45 |    57 |   286 |   107 ||   553
       Deflected         |       |       |       |     5 |       ||     5
Block: Shield            |   120 |   172 |   164 |   682 |   342 ||  1480
